Map: Cyber Forest LE

Players

RuFF - Winner!

  • Race: Terran Terran
  • League: Grandmaster
  • Spawn Location: 11:00

A.I. 2 (Elite)

  • Race: Zerg Zerg
  • Spawn Location: 5:00

VOD

Have the link to the VOD?

Description

Time

  • Played on: June 4, 2019, 9:12 p.m.
  • Length: 6:47
Show
View Real Time Build Order
Export as new Build Order

RuFF Terran - Winner!

Build Orders: 2 Factory, Mech 

Get SALT Encoding   

  12  0:01  SCV  
  13  0:13  SCV  
  14  0:20  Supply Depot  
  14  0:25  SCV  
  15  0:31  Refinery  
  15  0:41  SCV  
  16  0:46  Barracks  
  16  0:53  SCV  
  17  1:05  SCV  
  18  1:18  SCV  
  19  1:32  Orbital Command  
  19  1:34  Barracks Reactor  
  19  1:44  Command Center  
  19  1:55  Factory  
  19  2:01  Supply Depot  
  19  2:05  SCV  
  20  2:09  Marine  
  20  2:12  Marine  
  22  2:17  SCV  
  23  2:24  Refinery  
  23  2:27  Marine  
  23  2:29  SCV  
  25  2:30  Marine  
  26  2:45  Supply Depot, Marine  
  26  2:47  Marine  
  26  2:50  Factory Tech Lab  
  28  2:52  Factory  
  28  2:57  SCV  
  29  3:04  Orbital Command  
  29  3:08  Marine  
  29  3:10  Marine  
  31  3:19  Siege Tank  
  34  3:21  SCV  
  35  3:27  Supply Depot  
  35  3:30  SCV  
  35  3:32  Marine  
  37  3:34  Marine  
  37  3:37  Factory Reactor  
  37  3:40  SCV  
  39  3:42  SCV  
  40  3:50  Marine  
  40  3:52  Marine  
  40  3:54  Siege Tank  
  45  3:57  Supply Depot  
  45  3:58  SCV  
  45  4:02  SCV  
  47  4:10  Refinery  
  47  4:11  SCV  
  47  4:13  Armory  
  47  4:14  SCV  
  49  4:22  Marine x2  
  49  4:25  Hellion  
  49  4:27  Hellion  
  49  4:31  SCV  
  54  4:33  Siege Tank  
  54  4:35  SCV  
  58  4:40  Marine x2  
  60  4:46  Hellion  
  60  4:48  Hellion  
  60  4:52  SCV  
  65  4:54  Supply Depot  
  65  4:58  Supply Depot  
  65  5:08  SCV x2, Marine x2  
  69  5:16  Siege Tank  
  69  5:20  SCV  
  73  5:21  Hellion  
  73  5:22  Hellion  
  73  5:26  Marine x2  
  76  5:48  Siege Tank  
  79  5:54  Marine x2  
  79  5:55  Command Center  
  79  5:56  Hellion  
  83  6:09  Factory  
  83  6:10  Factory  
  83  6:13  Starport  
Show
View Real Time Build Order
Export as new Build Order

A.I. 2 (Elite) Zerg 

Build Orders: Pool First 

Get SALT Encoding   

  12  0:00  Drone  
  13  0:12  Overlord  
  13  0:17  Drone  
  14  0:30  Drone  
  15  0:39  Spawning Pool  
  15  0:40  Drone  
  15  0:45  Drone  
  15  0:49  Drone  
  17  0:52  Extractor  
  17  0:55  Drone  
  17  1:06  Drone  
  18  1:16  Drone  
  19  1:26  Queen  
  19  1:27  Zergling x2  
  19  1:30  Roach Warren  
  21  1:38  Overlord  
  21  1:49  Drone  
  22  1:59  Overlord  
  22  2:10  Roach  
  24  2:21  Roach  
  26  2:26  Hatchery  
  25  2:31  Drone  
  25  2:34  Roach  
  25  2:35  Roach  
  30  2:40  Roach  
  32  2:45  Roach  
  34  2:54  Overlord  
  33  3:06  Roach, Zergling x2  
  33  3:12  Roach  
  38  3:16  Roach  
  40  3:27  Roach  
  42  3:37  Overlord, Roach  
  42  3:38  Roach  
  46  3:45  Roach  
  48  3:52  Roach  
  50  3:56  Zergling x2  
  50  3:59  Zergling x2  
  52  4:03  Zergling x2  
  52  4:07  Zergling x2  
  54  4:11  Zergling x2  
  50  4:20  Baneling Nest, Zergling x2  
  42  4:24  Zergling x2  
  42  4:28  Zergling x2  
  44  4:31  Zergling x2  
  45  4:40  Drone  
  46  4:49  Drone  
  46  4:52  Lair, Drone  
  48  5:05  Baneling  
  48  5:10  Extractor  
  48  5:13  Extractor  
  46  5:14  Baneling  
  46  5:16  Extractor, Drone  
  46  5:20  Drone  
  47  5:24  Drone  
  47  5:27  Drone  
  49  5:31  Drone  
  49  5:34  Drone  
  50  5:38  Drone  
  50  5:42  Drone  
  45  5:45  Zergling x2  
  37  5:52  Hydralisk Den  
  28  6:18  Drone  
  28  6:19  Roach  
  28  6:22  Drone  
Tags
 
Composition
Mech
Matchup
TvZ
Player
RuFF
Spawn Locations
Cross Positions
Add a new tag
Caveats
  • Supply blocks, unpowered buildings, or Contaminate may cause inaccurate times.
  • Supply counts are checked every 10 seconds.